Map: Apotheosis LE

Players

Nickos

  • Race: Terran Terran
  • League: Gold

TWsc - Winner!

  • Race: Terran Terran

VOD

Have the link to the VOD?

Description

Time

  • Played on: Sept. 26, 2016, 6:12 p.m.
  • Length: 6:58
Show
View Real Time Build Order
Export as new Build Order

Nickos Terran 

Build Orders:  

Get SALT Encoding   

  12  0:01  SCV  
  13  0:13  SCV  
  14  0:17  Supply Depot  
  14  0:25  SCV  
  15  0:39  SCV  
  15  0:40  Barracks  
  16  0:44  Refinery  
  16  0:51  SCV  
  17  1:03  SCV  
  18  1:15  SCV  
  19  1:28  Marine  
  19  1:31  Supply Depot  
  20  1:34  Orbital Command  
  20  1:46  Marine  
  21  2:12  Barracks  
  21  2:15  SCV  
  21  2:21  Marine  
  22  2:28  SCV  
  22  2:31  Factory  
  21  2:40  Marine  
  22  2:49  SCV  
  23  2:55  Command Center  
  23  3:01  SCV  
  24  3:12  Marine  
  23  3:14  Marine  
  25  3:21  Widow Mine  
  25  3:24  Starport  
  25  3:25  SCV  
  28  3:30  Marine  
  28  3:32  Marine  
  29  3:48  Marine  
  26  3:50  Marine  
  27  4:06  Marine  
  27  4:07  Marine  
  24  4:22  Supply Depot  
  24  4:23  Supply Depot  
  24  4:25  Marine  
  24  4:27  Widow Mine  
  19  4:59  Marine  
  18  5:00  Marine  
  19  5:17  Marine x2  
  19  5:35  Marine  
  19  5:37  Bunker  
  14  5:53  Marine  
Show
View Real Time Build Order
Export as new Build Order

TWsc Terran - Winner!

Build Orders:  

Get SALT Encoding   

  12  0:03  SCV  
  13  0:15  Supply Depot  
  13  0:20  SCV  
  14  0:32  SCV  
  15  0:48  SCV  
  16  1:00  SCV  
  16  1:01  Supply Depot  
  17  1:13  Barracks  
  17  1:21  SCV  
  18  1:37  Barracks  
  18  1:44  SCV  
  19  2:02  Marine  
  19  2:03  Bunker  
  19  2:26  Marine  
  19  2:29  Marine  
  21  2:43  Refinery  
  21  2:44  Marine  
  21  2:46  Barracks  
  21  2:48  Orbital Command  
  22  2:52  Marine  
  22  2:54  Barracks  
  22  2:56  Command Center  
  23  3:02  Marine  
  24  3:13  Marine  
  24  3:17  SCV  
  24  3:19  Marine  
  26  3:23  Refinery  
  27  3:29  SCV  
  27  3:31  Marine  
  29  3:37  Marine  
  25  3:48  Marine  
  25  4:03  Marine  
  25  4:06  Marine  
  28  4:17  SCV  
  28  4:21  Marine  
  28  4:23  Barracks, Factory  
  29  4:24  Marine  
  29  4:29  SCV  
  30  4:39  Marine  
  30  4:40  Marine  
  30  4:41  SCV  
  31  4:57  Marine  
  31  4:58  Marine x2  
  29  5:15  Marine x2  
  29  5:16  Starport, Marine  
  29  5:19  SCV  
  31  5:22  SCV  
  31  5:31  SCV  
  31  5:32  Marine  
  31  5:33  Marine  
  34  5:50  Marine  
  34  6:08  Marine  
  35  6:12  Marine  
  35  6:17  Supply Depot x2  
  36  6:20  Starport Tech Lab  
  36  6:24  Factory  
  36  6:26  Factory Tech Lab, Marine  
  36  6:30  Marine  
  36  6:31  Barracks Reactor x2  
  38  6:35  SCV  
  38  6:36  SCV  
Tags
 
League
Gold
Matchup
TvT
Race
Terran
Replay Pack
Nickos replay
Add a new tag
Caveats
  • Supply blocks, unpowered buildings, or Contaminate may cause inaccurate times.
  • Supply counts are checked every 10 seconds.